[Event "Live Chess"]
[Site "Chess.com"]
[Date "2023.05.21"]
[Round "-"]
[White "LiamBellwood"]
[Black "Hacker_2009"]
[Result "1-0"]
[WhiteElo "1922"]
[BlackElo "1947"]
[TimeControl "300"]
[EndTime "8:10:29 PDT"]
[Termination "LiamBellwood won by resignation"]

1. d4 Nf6 2. Nc3 d5 3. Bf4 a6 4.
e3 e6 5. Qf3 c5 6. g4 cxd4 7. exd4 Nc6 8. g5 Ne4 9. Nxe4 dxe4 10.
Qxe4 Qxd4 11. Qxd4 Nxd4 12. O-O-O Nc6 13. Bg2 Bd7 14. h4 Be7 15. Nf3 Rd8 16. Bc7 Rc8 17. Bb6 Nb4 18. c3 Nd5 19. Bd4 O-O 20. Ne5 Bc6 21. Nxc6 Rxc6 22. Rhe1 Bc5 23. Bxc5 Rxc5 24. Bxd5 Rxd5 25. Rxd5 exd5 26. Re7 Rd8 27. Rxb7 g6 28. Rb4 Kg7 29. Rd4 h6 30. c4 Rc8 31.
b3 dxc4 32. Rxc4 Re8 33. Kd2 hxg5 34. hxg5 Re5 35. f4 Rf5 36. Ke3 Ra5 37. a4 Rd5 38. Rc6 a5 39. Rb6 Rc5 40. Rb5 Rc3+ 41. Kd4 Rf3 42. Ke4 Rc3 43. Kd4 Rf3 44. Rxa5 Rxf4+ 45. Kc5 Rf5+ 46. Kb6 Rf3 47. b4 Rb3 48. b5 Rg3 49. Ka6 Rxg5 50. b6 1-0

[Event "Live Chess"]
[Site "Chess.com"]
[Date "2023.05.21"]
[Round "-"]
[White "raminguy"]
[Black "manthanit"]
[Result "1-0"]
[WhiteElo "1962"]
[BlackElo "1102"]
[TimeControl "300"]
[EndTime "8:10:38 PDT"]
[Termination "raminguy won by resignation"]

1. d4 e6 2. Nc3 d5 3. Bf4 c5 4. e4 a6 5. dxc5 Bxc5 6. exd5 exd5 7. Qxd5 Qe7+ 8. Nge2 Nf6 9. Qg5 O-O 10. O-O-O Bxf2 11. Be5 Nc6 12. Bxf6 Qxf6 13. Qxf6 gxf6 14. Ne4 Bh4 15. g3 Bg5+ 16. Kb1 Bf5 17. Nd6 Rad8 18. Bg2 Bg4 19.
Rhe1 Ne5 20. h3 Bxe2 21. Rxe2 b5 22. h4 Bh6 23. Ree1 Rd7 24. Bh3 Re7 25. Nf5 Rd7 26. Nxh6+ Kg7 27. Bxd7 Nxd7 28. Nf5+ 1-0

[Event "Live Chess"]
[Site "Chess.com"]
[Date "2023.05.21"]
[Round "-"]
[White "LL220284LL"]
[Black "diana21strabt"]
[Result "1-0"]
[WhiteElo "2234"]
[BlackElo "1734"]
[TimeControl "300"]
[EndTime "8:10:38 PDT"]
[Termination "LL220284LL won by resignation"]

1. g3 Nf6 2. Bg2 g6 3. Nf3 Bg7 4. O-O e6 5. c4 d6 6. Re1 O-O 7. Nc3 Nc6 8. d3 Re8 9. Rb1 a5 10. a3 b6 11. b4 axb4 12. axb4 Rb8 13. Nd2 Ne5 14. d4 Ned7 15. e4 e5 16. d5 h5 17.
Nf1 Nh7 18. h3 Ba6 19. b5 Bc8 20. Be3 Nc5 21. Na2 Ra8 22. Nb4 Bd7 23. Nh2 Qc8 24. h4 Nf6 25. Qc2 Ng4 26. Nxg4 hxg4 27. Ra1 Qb7 28. Qe2 Rxa1 29. Rxa1 Ra8 30. Rf1 Ra4 31. Nc6 Bxc6 32. bxc6 Qa6 33. Qxg4 Rxc4 34. h5 f5 35. Qxg6 f4 36. h6 Ne6 37. dxe6 1-0

[Event "Live Chess"]
[Site "Chess.com"]
[Date "2023.05.21"]
[Round "-"]
[White "Olisingapore"]
[Black "BJAW87"]
[Result "1-0"]
[WhiteElo "1803"]
[BlackElo "1443"]
[TimeControl "300"]
[EndTime "8:10:50 PDT"]
[Termination "Olisingapore won by resignation"]

1. d4 Nf6 2. c4 g6 3. g3 Bg7 4. Bg2 O-O 5. Nc3 c6 6. Nf3 d5 7. O-O dxc4 8. Qc2 b5 9. e3 Bb7 10. Ne5 Qd6 11. b3 cxb3 12. axb3 Nbd7 13. Nxb5 Rac8 14. Nxd6 exd6 15. Nxd7 1-0

[Event "Live Chess"]
[Site "Chess.com"]
[Date "2023.05.21"]
[Round "-"]
[White "lateforthesky"]
[Black "AyannaTang"]
[Result "1-0"]
[WhiteElo "2084"]
[BlackElo "230"]
[TimeControl "300"]
[EndTime "8:10:54 PDT"]
[Termination "lateforthesky won by checkmate"]

1. e4 e5 2. f4 d6 3. Nf3 exf4 4. d4 d5 5. e5 Nc6 6. Bxf4 Bg4 7. c3 Bxf3 8. Qxf3 Qe7 9. Nd2 O-O-O 10. Bb5 Na5 11. b4 Nc4 12. Nxc4 dxc4 13. Bxc4 Qh4+ 14. Bg3 Qe7 15. O-O Qd7 16. Qxf7 Qxf7 17. Rxf7 Nh6 18. Rf3 Ng4 19. h3 Nf6 20. exf6 gxf6 21. Re1 Bh6 22.
Re7 Be3+ 23. Rfxe3 c6 24. Be6+ Rd7 25. Rxd7 Re8 26.
Rc7+ Kd8 27. Rxb7 a6 28. Rb8+ Ke7 29. Bf5+ Kf8 30. Rbxe8+ Kf7 31. R3e7# 1-0

[Event "Live Chess"]
[Site "Chess.com"]
[Date "2023.05.21"]
[Round "-"]
[White "domrobson"]
[Black "HoarseyHorsey"]
[Result "1-0"]
[WhiteElo "1780"]
[BlackElo "1465"]
[TimeControl "300"]
[EndTime "8:11:02 PDT"]
[Termination "domrobson won by resignation"]

1. d4 Nf6 2. c4 e6 3. Nf3 d5 4.
Nc3 Be7 5. Bg5 O-O 6. e3 c6 7.
Rc1 Nbd7 8. Bd3 Re8 9. O-O Bd6 10.
e4 dxe4 11. Nxe4 Be7 12. Nxf6+ Bxf6 13. Bxf6 Nxf6 14. Ne5 Qc7 15. f4 b6 16. Rf3 Bb7 17. Rh3 c5 18. Qc2 g6 19. dxc5 Qxc5+ 20. Kh1 Rad8 21. Rg3 Rd4 22. Bxg6 hxg6 23. Rxg6+ Kf8 24. Rxf6 Qc7 25. Rxf7+ Qxf7 26. Nxf7 Kxf7 27. Qh7+ Kf6 28. Qxb7 Red8 29. h3 Rd2 30. Qxa7 Rxb2 31. c5 bxc5 32.
Qxc5 Rdd2 33. Qg5+ Kf7 34. h4 Rxg2 35. Qxg2 Rxg2 36.
Kxg2 1-0

[Event "Live Chess"]
[Site "Chess.com"]
[Date "2023.05.21"]
[Round "-"]
[White "Conradical12"]
[Black "NotHarryV"]
[Result "0-1"]
[WhiteElo "1523"]
[BlackElo "1511"]
[TimeControl "300"]
[EndTime "8:11:20 PDT"]
[Termination "NotHarryV won by checkmate"]

1. e4 Nf6 2. Nc3 e5 3. Nf3 Nc6 4. Bc4 Bc5 5. O-O O-O 6. d3 d6 7. Be3 Bxe3 8. fxe3 Ng4 9. Qe2 Be6 10. Bxe6 fxe6 11.
h3 Nf6 12. Ng5 Qe7 13. Nb5 Rac8 14. Rae1 d5 15. exd5 exd5 16. e4 Qc5+ 17. d4 Nxd4 18. Nxd4 Qxd4+ 19. Kh1 Nxe4 20. Nxe4 Rxf1+ 21. Rxf1 dxe4 22.
Qf2 Qxf2 23. Rxf2 g6 24. Re2 Kf7 25. Rxe4 Ke6 26. Kg1 Rf8 27. Ra4 a6 28. Rb4 b5 29.
c4 c5 30. Rb3 b4 31. Rd3 e4 32. Rd5 e3 33. Rd1 e2 34. Re1 Rf1+ 35. Rxf1 exf1=Q+ 36. Kxf1 Ke5 37. Ke2 Kd4 38. b3 Kc3 39. Ke3 Kb2 40. Ke4 Kxa2 41. Kd5 Kxb3 42. Kxc5 a5 43. Kd5 a4 44. c5 a3 45. c6 a2 46. c7 a1=Q 47. c8=Q Qd1+ 48. Kc6 Qc1+ 49. Kd7 Qxc8+ 50. Kxc8 Kc2 51. Kd7 b3 52. Ke6 b2 53. Kf7 b1=Q 54. Kg7 Qb7+ 55. Kh6 Kd3 56. g4 Ke3 57. h4 Qe7 58. g5 Qe4 59. h5 gxh5 60. Kxh5 Qg6+ 61. Kg4 Ke4 62. Kh4 Kf5 63. Kh3 Qxg5 64. Kh2 Kf4 65. Kh1 Kf3 66. Kh2 Qg2# 0-1

[Event "Live Chess"]
[Site "Chess.com"]
[Date "2023.05.21"]
[Round "-"]
[White "WilliamofOrange16th"]
[Black "WelshTiger"]
[Result "0-1"]
[WhiteElo "1851"]
[BlackElo "2335"]
[TimeControl "300"]
[EndTime "8:11:31 PDT"]
[Termination "WelshTiger won by resignation"]

1. e4 e5 2. Nf3 Nc6 3. Bb5 a6 4. Bxc6 dxc6 5. O-O f6 6. d4 exd4 7. Nxd4 c5 8. Nb3 Qxd1 9. Rxd1 Be6 10. Na5 b6 11. Nb3 Bd6 12. Nc3 Ne7 13. Be3 O-O-O 14. f4 Rhe8 15. Rd2 Nc6 16. Rad1 Bf7 17. Kf2 Kb7 18. Kf3 h6 19. g4 g5 20. h3 gxf4 21. Bxf4 h5 22. Nd5 hxg4+ 23. hxg4 Bxd5 24. Rxd5 Ne5+ 25. Bxe5 fxe5 26. c4 Rf8+ 27. Kg3 Rf4 28. R5d3 Rg8 29. Rf3 Rgxg4+ 30. Kf2 Rxe4 31. Nd2 Rd4 32. b3 e4 33. Re3 Rh4 0-1

[Event "Live Chess"]
[Site "Chess.com"]
[Date "2023.05.21"]
[Round "-"]
[White "jimwad"]
[Black "YrrriKharkiv"]
[Result "0-1"]
[WhiteElo "1218"]
[BlackElo "2045"]
[TimeControl "300"]
[EndTime "8:11:34 PDT"]
[Termination "YrrriKharkiv won by resignation"]

1. d4 Nf6 2. c4 c5 3. d5 b5 4. e3 bxc4 5. Bxc4 g6 6. Nc3 d6 7. Nf3 Bg7 8. O-O Nbd7 9. Re1 Rb8 10.
b3 Ne4 11. Nxe4 Bxa1 12. Neg5 Bg7 13. e4 O-O 14. e5 Nxe5 15. Nxe5 Bxe5 16. Qf3 Qa5 17.
Rd1 Qc3 18. Qxc3 Bxc3 19. Rd3 Bf6 20. Nf3 Bf5 21. Rd1 a5 22. a4 Bc2 23. Re1 Bxb3 24.
Bxb3 Rxb3 25. Bd2 Ra3 26. Bxa5 Rxa4 27. Bd2 Rfa8 28. h3 Ra1 29. Kf1 Rxe1+ 30. Kxe1 c4 31. Ke2 c3 32. Bc1 Ra2+ 33. Kd3 Rxf2 34. Nd4 Rxg2 35.
Kxc3 Rg3+ 36. Kc4 Bxd4 37. Kxd4 Rxh3 38. Bg5 f6 39. Bc1 Rh4+ 40. Kd3 Kf7 41. Bb2 Rh3+ 42. Kc4 h5 0-1

[Event "Live Chess"]
[Site "Chess.com"]
[Date "2023.05.21"]
[Round "-"]
[White "RichardABates"]
[Black "TheSmoulderingMaster"]
[Result "1-0"]
[WhiteElo "2180"]
[BlackElo "1657"]
[TimeControl "300"]
[EndTime "8:11:34 PDT"]
[Termination "RichardABates won by resignation"]

1. d4 Nf6 2. Nf3 d6 3. c4 g6 4. g3 Bg7 5. Bg2 O-O 6. O-O Nbd7 7. Nc3 Re8 8. e4 e5 9. Rb1 exd4 10. Nxd4 Nc5 11.
f3 Nfd7 12. Be3 Ne5 13. b3 Ne6 14. Kh1 Nxd4 15. Bxd4 Be6 16. Nd5 Bxd5 17. cxd5 Qd7 18. f4 Ng4 19. Bxg7 Ne3 20. Qd4 Nxf1 21. Rxf1 Re7 22.
Qf6 Rae8 23. Bh6 1-0

[Event "Live Chess"]
[Site "Chess.com"]
[Date "2023.05.21"]
[Round "-"]
[White "GEMdzq"]
[Black "martinsmartin63"]
[Result "1-0"]
[WhiteElo "2225"]
[BlackElo "751"]
[TimeControl "300"]
[EndTime "8:11:38 PDT"]
[Termination "GEMdzq won by resignation"]

1. e4 e5 2. d4 Nf6 3. dxe5 Nxe4 4. Bc4 d5 5. Bxd5 Bf5 6. Bxb7 Nxf2 7. Qxd8+ Kxd8 8.
Kxf2 Bxc2 9. Bxa8 Bxb1 10. Rxb1 Bc5+ 11. Be3 Bxe3+ 12. Kxe3 Kd7 13. Nf3 1-0

[Event "Live Chess"]
[Site "Chess.com"]
[Date "2023.05.21"]
[Round "-"]
[White "MartinWalker4"]
[Black "Ian-Morley"]
[Result "1-0"]
[WhiteElo "2080"]
[BlackElo "1112"]
[TimeControl "300"]
[EndTime "8:11:42 PDT"]
[Termination "MartinWalker4 won by checkmate"]

1. e4 e5 2. Nf3 Nc6 3. Bb5 a6 4. Ba4 Nf6 5. O-O Nd4 6. Nxd4 exd4 7. e5 Nd5 8. Bb3 c6 9. Qf3 Qe7 10. Bxd5 cxd5 11. Qxd5 d6 12. exd6 Qxd6 13. Qxd6 Bxd6 14. d3 O-O 15. Nd2 Re8 16. Ne4 Be5 17. Re1 b5 18. f4 Bc7 19. Nf6+ Kf8 20. Rxe8# 1-0

[Event "Live Chess"]
[Site "Chess.com"]
[Date "2023.05.21"]
[Round "-"]
[White "GMHarry-youtube"]
[Black "Dhaydon19"]
[Result "0-1"]
[WhiteElo "2013"]
[BlackElo "2689"]
[TimeControl "300"]
[EndTime "8:11:51 PDT"]
[Termination "Dhaydon19 won by checkmate"]

1. e4 c6 2. d4 d5 3. e5 Bf5 4. h4 h5 5. Bd3 Bxd3 6. Qxd3 e6 7. Qb3 Qb6 8. c3 Nd7 9. Nf3 c5 10. Be3 Ne7 11. Nbd2 Nf5 12. Nf1 Be7 13. Qxb6 axb6 14.
Ng3 Nxg3 15. fxg3 f6 16. Bf4 cxd4 17. Nxd4 fxe5 18. Nxe6 exf4 19. Nc7+ Kf7 20. Nxa8 Rxa8 21. gxf4 Nf6 22. g3 Bc5 23. Ke2 b5 24. b4 Re8+ 25. Kf3 Re3+ 26. Kg2 Bb6 27. a4 bxa4 28. Rhc1 Re2+ 29.
Kh3 Ng4 30. Rh1 Nf2+ 31. Kg2 Nxh1+ 32. Kxh1 Re3 33. Rxa4 Rxc3 34. f5 d4 35. f6 d3 36. fxg7 d2 37. g8=Q+ Kxg8 38. Ra1 Rc1+ 39. Rxc1 dxc1=Q+ 40. Kh2 Qc2+ 41. Kh3 Qe2 42. b5 Qf1+ 43. Kh2 Bg1+ 44. Kh1 Bf2+ 45. Kh2 Qg1+ 46. Kh3 Qxg3# 0-1

[Event "Live Chess"]
[Site "Chess.com"]
[Date "2023.05.21"]
[Round "-"]
[White "1600x"]
[Black "viktorskliarov"]
[Result "1-0"]
[WhiteElo "1924"]
[BlackElo "2630"]
[TimeControl "300"]
[EndTime "8:11:57 PDT"]
[Termination "1600x won by checkmate"]

1. e4 c5 2. Nf3 Nc6 3. Qe2 g6 4. Qc4 e6 5. e5 a6 6. d3 b5 7. Qe4 f5 8. Qe2 Bg7 9. a4 Bb7 10. c3 Qc7 11. Bf4 Nge7 12. axb5 axb5 13. Rxa8+ Bxa8 14. Na3 Qb8 15. d4 c4 16. h4 Nd5 17. Bc1 h6 18. Qd2 Na5 19. b4 Nb3 20. Qb2 Bc6 21. Nb1 Kf7 22. Nbd2 Nxc1 23. Qxc1 Qa7 24. Nb1 Qa2 25.
Be2 Bf8 26. Kf1 Be7 27. Ne1 Kg7 28. Bf3 Ra8 29. Rh3 Qb3 30. Nd2 Qa3 31. Qxa3 Rxa3 32. Bxd5 Bxd5 33. f4 g5 34. Rg3 g4 35. Ke2 Bxh4 36. Re3 Ra1 37. g3 Be7 38. Kf2 h5 39. Nf1 h4 40. Re2 hxg3+ 41. Nxg3 Bh4 42. Ng2 Bxg2 43. Kxg2 Rc1 44. Re3 Bxg3 45. Kxg3 Rc2 46. Kh4 Rh2+ 47. Kg5 Rh3 48. Re2 Rxc3 49. d5 Kf7 50.
Ra2 g3 51. dxe6+ Kxe6 52. Ra6+ Kd5 53. Kxf5 g2 54. Rd6# 1-0

[Event "Live Chess"]
[Site "Chess.com"]
[Date "2023.05.21"]
[Round "-"]
[White "PiotrD11"]
[Black "stevochess11"]
[Result "0-1"]
[WhiteElo "1377"]
[BlackElo "1665"]
[TimeControl "300"]
[EndTime "8:12:07 PDT"]
[Termination "stevochess11 won by checkmate"]

1. e4 c5 2. d4 cxd4 3. c3 dxc3 4. Nxc3 Nc6 5. Nf3 a6 6. Bc4 Nf6 7. O-O d6 8. Qe2 Bg4 9. h3 Nd4 10. hxg4 Nxe2+ 11. Nxe2 Nxg4 12. Rd1 h5 13. Ng5 e6 14.
Bf4 Qb6 15. Nh3 e5 16. Bg3 h4 17. Bh2 Nxh2 18. Kxh2 Rc8 19. Bd5 Rc2 20. Nc3 Rxf2 21. Nxf2 Qxf2 22. Rf1 Qg3+ 23. Kh1 h3 24. Bxf7+ Ke7 25.
Nd5+ Kd7 26. Nb6+ Kd8 27. Bh5 Qxg2# 0-1

[Event "Live Chess"]
[Site "Chess.com"]
[Date "2023.05.21"]
[Round "-"]
[White "Andysav3"]
[Black "hturner40"]
[Result "1-0"]
[WhiteElo "1711"]
[BlackElo "1785"]
[TimeControl "300"]
[EndTime "8:12:26 PDT"]
[Termination "Andysav3 won on time"]

1. e4 Nc6 2. Nf3 e5 3. d4 exd4 4. Bc4 Nf6 5. O-O Nxe4 6. Re1 d5 7. Bxd5 Qxd5 8. Nc3 Qd7 9. Nxe4 Be7 10. Bf4 O-O 11.
Qd2 Bb4 12. c3 dxc3 13. Qxd7 Bxd7 14. bxc3 Ba5 15. Nc5 Bc8 16. Rac1 b6 17. Nb3 Be6 18. Bxc7 Rac8 19. Bg3 b5 20. Ng5 Bc4 21. Nxa5 Nxa5 22.
Re7 Nc6 23. Rd7 h6 24. Ne4 Bxa2 25. Nc5 b4 26. cxb4 Nxb4 27. Rxa7 Rfd8 28. h4 Bd5 29. Nb7 Bxb7 30. Rb1 Bxg2 31. Kxg2 Nc6 32. Rab7 Rd2 33.
Bf4 Rc2 34. Be3 Re8 35. Rc7 1-0

[Event "Live Chess"]
[Site "Chess.com"]
[Date "2023.05.21"]
[Round "-"]
[White "Mugzwang"]
[Black "SimpleHarmonic1"]
[Result "0-1"]
[WhiteElo "1457"]
[BlackElo "2050"]
[TimeControl "300"]
[EndTime "8:12:37 PDT"]
[Termination "SimpleHarmonic1 won on time"]

1. g3 Nf6 2. Nf3 e6 3. Bg2 Be7 4. O-O O-O 5. d4 d5 6. e3 b6 7.
b3 Bb7 8. Ba3 Bxa3 9. Nxa3 a6 10. c4 Nbd7 11. cxd5 exd5 12. Rc1 c5 13. dxc5 bxc5 14.
Rc2 Qa5 15. Qc1 Rfe8 16. Nb1 Rac8 17. Nc3 d4 18. exd4 cxd4 19. Nxd4 Bxg2 20. Kxg2 Nd5 21. Nxd5 Qxd5+ 22. Nf3 Rxc2 23. Qxc2 Ne5 24. Qc3 Nxf3 25. Qxf3 Qd2 26. Rd1 Qxa2 27. Qe3 Rf8 28. Qe7 Qa5 29. Rd3 h6 30. b4 Qb6 31. Qc5 Qb7+ 32. Kg1 Rc8 33. Qd5 Qxb4 0-1

[Event "Live Chess"]
[Site "Chess.com"]
[Date "2023.05.21"]
[Round "-"]
[White "slava_ukr"]
[Black "Ferrarifan27"]
[Result "1-0"]
[WhiteElo "2341"]
[BlackElo "2047"]
[TimeControl "300"]
[EndTime "8:12:44 PDT"]
[Termination "slava_ukr won by resignation"]

1. e4 e5 2. Nf3 Nc6 3. Bb5 a6 4.
Bxc6 dxc6 5. O-O Bg4 6. h3 h5 7. d3 Qf6 8. Be3 Bxf3 9. Qxf3 Qxf3 10. gxf3 Bd6 11. Nd2 Ne7 12. d4 Ng6 13. dxe5 Bxe5 14. Nc4 Bf4 15. Rad1 Rd8 16. Rxd8+ Kxd8 17. Rd1+ Kc8 18.
Kf1 Rd8 19. Rxd8+ Kxd8 20. Ke2 b5 21. Na5 Kd7 22. Nb7 Bd6 23. b3 Kc8 24. Na5 Kd7 25.
c4 Nf4+ 26. Bxf4 Bxf4 27. Kd3 Kd6 28. Nb7+ Ke7 29. a4 bxa4 30. bxa4 Bd6 31. Na5 Kd7 32. Nb3 Bb4 33. f4 c5 34. Ke3 Ke6 35. f5+ Kd6 36.
Nc1 Bc3 37. f4 Kc6 38. e5 Kb6 39. Nb3 Kc6 40. Ke4 Bb4 41. Nc1 Kd7 42. Nd3 c6 43.
Nf2 a5 44. Nh1 Be1 45. Ke3 Ke7 46. Nf2 Kd7 47. Ne4 Bb4 48. Ng5 Ke7 49. Ke4 Be1 50. Nf3 Bb4 51. Ng1 Be1 52. Ne2 Bb4 53. Ng3 h4 54. Ne2 Be1 55. Ng1 Bf2 56. Nf3 Bg3 57.
Ng5 Bf2 58. Kf3 Be1 59. Kg4 f6 60.
Nf3 Bc3 61. Kxh4 Bd4 62. Kg4 Kf7 63. Kh5 fxe5 64. fxe5 Be3 65. Kg4 Bc1 66. h4 Be3 67. Ne1 Bf2 68. Nd3 Bd4 69. Kf3 Ke7 70. Ke4 Kf7 71.
Nf4 Ke7 72. h5 Kf7 73. Ne6 Bf2 74. Nd8+ Ke7 75. Nxc6+ Kd7 76. Nxa5 Kc7 77. Nb3 1-0

[Event "Live Chess"]
[Site "Chess.com"]
[Date "2023.05.21"]
[Round "-"]
[White "tpm07"]
[Black "MartynColebrook"]
[Result "1-0"]
[WhiteElo "1965"]
[BlackElo "1222"]
[TimeControl "300"]
[EndTime "8:12:44 PDT"]
[Termination "tpm07 won by checkmate"]

1. e4 d5 2. Nc3 dxe4 3. Nxe4 e5 4. Bc4 f5 5. Nc3 Nf6 6. d3 Bc5 7. Nf3 e4 8. Ng5 exd3 9. O-O Rf8 10. cxd3 Nc6 11. Nxh7 Rh8 12. Re1+ Kd7 13. Be6+ Kd6 14. Bf4+ Ke7 15. Bxc8+ Kf7 16. Ng5+ Kg6 17. Be6 Ng4 18. Bf7+ Kf6 19. Nd5+ Qxd5 20. Bxd5 Nxf2 21. Re6# 1-0

[Event "Live Chess"]
[Site "Chess.com"]
[Date "2023.05.21"]
[Round "-"]
[White "Missedidea"]
[Black "grillage"]
[Result "1-0"]
[WhiteElo "1775"]
[BlackElo "1774"]
[TimeControl "300"]
[EndTime "8:12:48 PDT"]
[Termination "Missedidea won by checkmate"]

1. d4 Nf6 2. c4 e6 3. Nc3 Bb4 4. e3 O-O 5. Ne2 c5 6. a3 Bxc3+ 7. Nxc3 d6 8. Bd3 Nc6 9. O-O e5 10. d5 Ne7 11. f4 exf4 12. e4 Ng6 13. Qe1 Ne5 14. Be2 f3 15. gxf3 Nh5 16. f4 Ng4 17.
Bf3 Qf6 18. e5 Qg6 19. Kh1 Re8 20. Rg1 Nhf6 21. e6 fxe6 22. h3 exd5 23. Qg3 Nh5 24. Qg2 Ne3 25. Bxe3 Qxg2+ 26. Rxg2 Bxh3 27. Bxd5+ Kh8 28. Rg5 Rxe3 29. Rxh5 Bg4 30. Rh4 Bf3+ 31. Bxf3 Rxf3 32. Kg2 Rd3 33. Rah1 h6 34. Ne4 Rd4 35. f5 Rxc4 36.
f6 Kg8 37. Nxd6 Rc2+ 38. Kf3 Rf8 39. f7+ Kh7 40. R4h2 Rxh2 41. Rxh2 b6 42. Ke4 g6 43.
Kd5 Kg7 44. Ke6 a6 45. Ne8+ Kh7 46. Ke7 Rxf7+ 47. Kxf7 b5 48. Nf6+ Kh8 49. Rxh6# 1-0

[Event "Live Chess"]
[Site "Chess.com"]
[Date "2023.05.21"]
[Round "-"]
[White "luckywookie"]
[Black "ShanthamGrarks"]
[Result "0-1"]
[WhiteElo "811"]
[BlackElo "1955"]
[TimeControl "300"]
[EndTime "8:12:56 PDT"]
[Termination "ShanthamGrarks won by checkmate"]

1. e4 e5 2. Nf3 d5 3. exd5 Bd6 4. Nc3 Bg4 5. Be2 Nf6 6. h3 Bd7 7. d4 exd4 8. Qxd4 O-O 9. Ne4 Nxe4 10. Qxe4 Re8 11. Qd4 c5 12. Qd3 b5 13. Be3 c4 14.
Qd4 Bf5 15. c3 Nd7 16. h4 Bc5 17. Qd2 Bxe3 18. fxe3 Qb6 19. Nd4 Bd3 20. Bxd3 cxd3 21. Qxd3 Ne5 22. Qe2 Nc4 23. O-O Rxe3 24. Qf2 Re7 25.
Rae1 Qc5 26. Rxe7 Qxe7 27. Nc6 Qd7 28. Qf3 Nd2 29. Qxf7+ Qxf7 30. Rxf7 Kxf7 31. Ne5+ Kf6 32. Nf3 Nxf3+ 33. gxf3 Rd8 34. c4 bxc4 35. b3 c3 36.
Kf2 c2 37. Ke2 Rxd5 38. b4 c1=Q 39. f4 Qc3 40. a4 Rd2+ 41. Ke1 Qc1# 0-1

[Event "Live Chess"]
[Site "Chess.com"]
[Date "2023.05.21"]
[Round "-"]
[White "CheckThis4"]
[Black "JohanKjeldahl"]
[Result "1-0"]
[WhiteElo "2530"]
[BlackElo "1889"]
[TimeControl "300"]
[EndTime "8:13:08 PDT"]
[Termination "CheckThis4 won by resignation"]

1. d4 Nf6 2. Nc3 e6 3. e4 c5 4.
d5 d6 5. Bg5 Be7 6. Bb5+ Bd7 7.
dxe6 fxe6 8. e5 Bxb5 9. exf6 gxf6 10. Nxb5 Qa5+ 11. Nc3 fxg5 12. Qh5+ Kd7 13. Nf3 Nc6 14. O-O-O b5 15. Rhe1 Rae8 16. Qf7 Nd8 17. Qg7 b4 18. Ne4 Qxa2 19. Nxc5+ Kc6 20. Nb3 Rhg8 21. Qxh7 g4 22. Nfd4+ Kb6 23. Kd2 Bg5+ 24. Ke2 Qxb2 25. Kf1 Bf6 26. Ra1 Rg7 27. Qd3 Bxd4 28. Nxd4 Qc3 29. Qb5+ Kc7 30. Rxa7+ Kc8 31. Ra8+ Kc7 32. Qb8+ Kd7 33. Ra7+ 1-0

[Event "Live Chess"]
[Site "Chess.com"]
[Date "2023.05.21"]
[Round "-"]
[White "gmnorfolk"]
[Black "zdanevych"]
[Result "1-0"]
[WhiteElo "2129"]
[BlackElo "1461"]
[TimeControl "300"]
[EndTime "8:13:15 PDT"]
[Termination "gmnorfolk won by resignation"]

1. d4 d5 2. c4 c6 3. Nf3 a6 4. Nbd2 Nf6 5. g3 Bg4 6. Bg2 e6 7. O-O Bd6 8. b3 O-O 9. Bb2 h6 10. Qc2 Nbd7 11. e4 dxe4 12. Nxe4 Nxe4 13. Qxe4 Nf6 14. Qe3 Bf5 15. h3 Rc8 16. Rfd1 Bb8 17. Ne5 Qe7 18. a4 Rfd8 19. a5 Ba7 20. Ba3 Qe8 21.
f4 Bb8 22. g4 Bh7 23. Rf1 Nd7 24. Nf3 Ba7 25. Rad1 Nf6 26. Ne5 Nd7 27. Kh1 Nxe5 28. fxe5 Rd7 29. Bd6 Bb8 30. c5 Bxd6 31. exd6 Qd8 32.
Rde1 Qxa5 33. Re2 Qd8 34. Ref2 b6 35. b4 bxc5 36. bxc5 Ra8 37. Bxc6 Qc8 38. Bxd7 Qxd7 39. Rxf7 Qc6+ 40. Kh2 a5 41. Qxe6 1-0

[Event "Live Chess"]
[Site "Chess.com"]
[Date "2023.05.21"]
[Round "-"]
[White "LiamClery2020"]
[Black "PantherCal"]
[Result "1-0"]
[WhiteElo "2010"]
[BlackElo "1853"]
[TimeControl "300"]
[EndTime "8:13:36 PDT"]
[Termination "LiamClery2020 won by resignation"]

1. e4 d6 2. d4 Nf6 3. Nc3 g6 4. f3 Bg7 5. Be3 O-O 6. Qd2 c6 7. Bh6 b5 8. Bxg7 Kxg7 9. g4 b4 10. Nd1 c5 11. d5 e6 12. h4 exd5 13. h5 dxe4 14. hxg6 e3 15. Nxe3 fxg6 16. O-O-O Nc6 17. Bc4 Ne5 18. Bb3 a5 19. Nd5 c4 20. Qh6+ Kf7 21. Nxf6 Kxf6 22. Qf4+ Ke7 23. Rxh7+ Rf7 24. Qg5+ Kd7 25.
Rxd6+ Kxd6 26. Qxd8+ Rd7 27. Rxd7+ Nxd7 28. Bxc4 Bb7 29.
Qg5 Re8 30. Qxg6+ Kc7 31. Qxe8 1-0

[Event "Live Chess"]
[Site "Chess.com"]
[Date "2023.05.21"]
[Round "-"]
[White "lord_cll"]
[Black "Bot_Boy"]
[Result "1-0"]
[WhiteElo "1206"]
[BlackElo "332"]
[TimeControl "300"]
[EndTime "8:13:38 PDT"]
[Termination "lord_cll won by checkmate"]

1. e4 c6 2. d4 d5 3. exd5 cxd5 4.
c4 Nf6 5. Nf3 Bf5 6. Nc3 e6 7.
Be3 Ne4 8. cxd5 Nxc3 9. bxc3 Qxd5 10. Qa4+ Nd7 11. Bb5 Rc8 12. Ne5 Qxg2 13. Bxd7+ Ke7 14. Kd2 Rxc3 15. Kxc3 Kf6 16. Rhg1 Qd5 17. Bg5# 1-0

[Event "Live Chess"]
[Site "Chess.com"]
[Date "2023.05.21"]
[Round "-"]
[White "LordBenin"]
[Black "PinnedPiece1506"]
[Result "0-1"]
[WhiteElo "1402"]
[BlackElo "1913"]
[TimeControl "300"]
[EndTime "8:13:49 PDT"]
[Termination "PinnedPiece1506 won by resignation"]

1. e4 e6 2. d4 d5 3. exd5 exd5 4. Nf3 Nf6 5. Bg5 Bd6 6. h3 Bf5 7. Bd3 Qe7+ 8. Qe2 Bxd3 9. Qxe7+ Bxe7 10. cxd3 Nc6 11.
a3 O-O 12. O-O h6 13. Bh4 g5 14. Bg3 Rac8 15. Ne5 Nxd4 16. Nc3 c6 17. Rfe1 Nf5 18.
Bh2 Bd6 19. g4 Nd4 20. Kg2 Nc2 21. Rac1 Nxe1+ 22. Rxe1 Rfe8 23. d4 c5 24. Nb5 Bb8 25. Rc1 a6 26. Nc3 cxd4 0-1

[Event "Live Chess"]
[Site "Chess.com"]
[Date "2023.05.21"]
[Round "-"]
[White "seabuck"]
[Black "ms_lilley"]
[Result "1-0"]
[WhiteElo "1893"]
[BlackElo "603"]
[TimeControl "300"]
[EndTime "8:13:54 PDT"]
[Termination "seabuck won by checkmate"]

1. d4 d5 2. c4 e6 3. Nc3 Nf6 4. Nf3 a6 5. cxd5 exd5 6. Bg5 h6 7. Bxf6 Qxf6 8. Nxd5 Qc6 9. Nc3 Be6 10. e3 Bb4 11. Qd2 O-O 12. Be2 Bxc3 13. Qxc3 Qxc3+ 14. bxc3 Nc6 15. O-O b5 16. a3 Na5 17. Ne5 Nb3 18.
Rad1 c5 19. Bf3 Rad8 20. Nc6 Rd7 21. Rfe1 cxd4 22. exd4 Bf5 23. Ne7+ Kh7 24. Nxf5 g6 25. Ne3 a5 26. Rb1 a4 27. Bc6 Nd2 28. Bxd7 Nxb1 29. Rxb1 Rb8 30. Rxb5 Rxb5 31. Bxb5 Kg7 32. Bxa4 g5 33.
c4 Kf6 34. c5 Ke6 35. Bc6 Ke7 36. d5 Kd8 37. a4 Kc7 38. a5 f5 39. Nxf5 g4 40.
Nxh6 g3 41. hxg3 Kb8 42. Bb5 Ka7 43. g4 Kb7 44. g5 Kc7 45. g6 Kd8 46. g7 Ke7 47.
Nf5+ Kf7 48. a6 Kf6 49. g8=Q Kxf5 50. Qe6+ Kf4 51. Qe3+ Kf5 52. Bd7+ Kf6 53. Qe6+ Kg5 54. Qf5+ Kh6 55. Qf6+ Kh5 56. g4# 1-0

[Event "Live Chess"]
[Site "Chess.com"]
[Date "2023.05.21"]
[Round "-"]
[White "TheAuditer"]
[Black "LiamBellwood"]
[Result "0-1"]
[WhiteElo "1384"]
[BlackElo "1923"]
[TimeControl "300"]
[EndTime "8:13:54 PDT"]
[Termination "LiamBellwood won by resignation"]

1. d4 e6 2. c4 f5 3. Nc3 Nf6 4.
g3 Bb4 5. Bg2 O-O 6. Nf3 Ne4 7.
Qc2 d6 8. O-O Bxc3 9. bxc3 Nd7 10. Nd2 Ndf6 11. Nxe4 fxe4 12. e3 d5 13. cxd5 exd5 14.
c4 c6 15. cxd5 cxd5 16. Ba3 Rf7 17. Rac1 Bf5 18. Qb3 Qd7 19. Rc5 Bh3 20. Rfc1 Bxg2 21.
Kxg2 Qg4 22. Rc8+ Rxc8 0-1